 Dungeon Sprint DCSS version 0.23-a0-625-g1d2cd9b (webtiles) character file.

7006 galech the Cleaver (level 10, -4/89 HPs)
             Began as a Demonspawn Fighter on Dec 24, 2018.
             Slain by a merfolk impaler
             ... wielding a +5 trident of venom
              (7 damage)
             ... in the Dungeon (Sprint V: "Ziggurat Sprint").
             The game lasted 00:04:13 (392 turns).

galech the Cleaver (Demonspawn Fighter)              Turns: 392, Time: 00:04:14

Health: -4/89      AC: 32    Str: 18    XL:     10   Next: 82%
Magic:  0/10       EV:  2    Int: 14    God:
Gold:   0          SH: 31    Dex: 15    Spells: 9/9 levels left

rFire    . . .     SeeInvis +   E - +14 obsidian axe {chop, +Fly SInv *Curse} (curse)
rCold    + . .     Gourm    .   G - +18 shield of the Gong {rElec rN+ MR+ EV-5}
rNeg     + . .     Faith    .   F - +15 Maxwell's patent armour {-Cast -Tele rElec MR+ rCorr}
rPois    .         Spirit   +   (no helmet)
rElec    +         Reflect  .   (no cloak)
rCorr    +         Harm     .   (no gloves)
MR       +++..     NoTele   +   (no boots) Stlth ..........NoCast +
                                (no amulet)
HPRegen  0.24/turn              x - ring of Aphod {AC+1 Slay+5 Stlth+}
MPRegen  0.12/turn              I - ring "Fotyteer" {rC+ MR+ Str+2 Int+3 Slay+2}

@: lethally poisoned (-4 -> -35), mesmerised
A: claws 2, slimy green scales 1, powered by pain 1, magic shield
a: Evoke Flight


You were in the Dungeon.
You were not hungry.

You visited 1 branch

Inventory:

Hand Weapons
 E - the cursed +14 obsidian axe (weapon) {chop, +Fly SInv *Curse}
   (You found it in the Dungeon)

   It inflicts extra damage upon your enemies.
   It lets you see invisible.
   It lets you fly.
   It curses itself when equipped.
   It has a curse placed upon it.
Armour
 b - a +0 scale mail
 c - a +0 shield
 F - the +15 Maxwell's patent armour (worn) {-Cast -Tele rElec MR+ rCorr}
   (You found it in the Dungeon)

   It insulates you from electricity.
   It affects your resistance to hostile enchantments.
   It prevents spellcasting.
   It prevents most forms of teleportation.
   It provides partial protection from all sources of acid and corrosion.
 G - the +18 shield of the Gong (worn) {rElec rN+ MR+ EV-5}
   (You found it in the Dungeon)

   It affects your evasion (-5).
   It insulates you from electricity.
   It protects you from negative energy.
   It affects your resistance to hostile enchantments.
Jewellery
 w - a +1 ring of protection
 x - the ring of Aphod (left claw) {AC+1 Slay+5 Stlth+}
   (You found it in the Dungeon)

   [ring of protection]

   It affects your AC (+1).
   It affects your accuracy and damage with ranged weapons and melee attacks
   (+5).
   It makes you more stealthy.
 I - the ring "Fotyteer" (right claw) {rC+ MR+ Str+2 Int+3 Slay+2}
   (You found it in the Dungeon)

   [ring of strength]

   It affects your strength (+2).
   It affects your intelligence (+3).
   It affects your accuracy and damage with ranged weapons and melee attacks
   (+2).
   It protects you from cold.
   It affects your resistance to hostile enchantments.
Wands
 B - a wand of disintegration (7)
 C - a wand of iceblast (7)
 D - a wand of acid (7)
Scrolls
 a - 4 scrolls of enchant weapon
 k - 4 scrolls of blinking
 q - 4 scrolls of amnesia
 r - 7 scrolls of fog
 s - 5 scrolls of identify
 t - 5 scrolls of remove curse
 u - 2 scrolls of fear
 v - 2 scrolls of brand weapon
Potions
 d - 6 potions of might
 e - 10 potions of curing
 g - 10 potions of heal wounds
 h - 10 potions of haste
 i - 7 potions of magic
 j - 3 potions of berserk rage
 l - 2 potions of brilliance
 m - 2 potions of invisibility
 n - 4 potions of resistance
 p - 5 potions of agility
Comestibles
 f - 7 rations
 o - 31 chunks of flesh


   Skills:
 + Level 12.2 Fighting
 + Level 14.3 Axes
 + Level 10.3 Armour
 + Level 2.7 Dodging
 + Level 2.3 Stealth
 + Level 12.0 Shields


You had 9 spell levels left.
You didn't know any spells.
Your spell library was empty.

Dungeon Overview and Level Annotations

Branches:
Dungeon (1/1)

Altars:
Ashenzari
Cheibriados
Dithmenos
Elyvilon
Fedhas
Gozag
Hepliaklqana
Kikubaaqudgha
Makhleb
Nemelex Xobeh
Okawaru
Qazlal
Ru
Sif Muna
Trog
Uskayaw
Vehumet
Wu Jian
Xom
Yredelemnul
Zin
The Shining One
Beogh
Jiyva
Lugonu

Annotations:
D 1 transporter


Innate Abilities, Weirdness & Mutations

You have very sharp fingernails.
You are partially covered in slimy green scales. (AC +2)
You sometimes gain a little power by taking damage.
When hurt, damage is shared between your health and your magic reserves.


Message History

The sea snake is severely wounded.
You slash the merfolk impaler! You slice the merfolk javelineer!!
You slash the manticore! You open a gate to Pandemonium!
A demon appears!
It doesn't seem very happy.
Visions of slaying the merfolk impaler flood into your mind.
* * * LOW HITPOINT WARNING * * *
You feel very sick.
Your sun demon disappears in a puff of smoke!
Your sixfirhy barely misses the neqoxec.
Your sixfirhy hits the neqoxec!
Your sixfirhy shocks the neqoxec!
Your sixfirhy hits the neqoxec!
Your sixfirhy shocks the neqoxec!
The neqoxec dies!
You block the manticore's attack.
GONNNNG!
You block the manticore's attack.
SHROANNG!
You block the manticore's attack.
PTOANNNG!
The merfolk impaler hits you with a +5 trident of venom!
You die...

▓....©....▓...©...▓
▓▓▓▓▓▓▓▓▓▓▓▓▓▓▓▓▓▓▓▓▓
▓.≈.8©8...▓...8©8...▓
▓.≈=}|[}.≈▓...}}))..▓
▓≈.)|:::.≈▓.....=)..▓
▓....≈.≈..▓.........▓
▓.≈≈.mt...▓..))))...▓
▓...mHmm.≈▓...))÷...▓
▓..≈≈S@.≈.▓.........▓
▓....§3)≈.▓.▓.....▓.▓
▓.▓.H((3▓≈▓....©....▓
▓.≈≈.©.≈≈.▓▓▓▓▓▓▓▓▓▓▓
▓▓▓▓▓▓▓▓▓▓▓


You could see 2 merfolk impalers, a merfolk javelineer, a sea snake, a merfolk
aquamancer, a snapping turtle, a manticore, a harpy, a friendly soul eater and a
friendly sixfirhy.

Vanquished Creatures
  A merfolk aquamancer (D)
  An orc knight (D)
  A cyclops (D)
  A guardian mummy (D)
  2 spriggans (D)
  An ushabti (D)
  A floating eye (D)
  2 orc warriors (D)
  A black bear (D)
  3 ogres (D)
  A necrophage (D)
  A wolf (D)
  A wight (D)
  2 orc priests (D)
  2 jellies (D)
  3 mummies (D)
  An adder zombie (D)
  An orc (D)
  A bat skeleton (D)
  A bat zombie (D)
  A jackal zombie (D)
  A quokka zombie (D)
30 creatures vanquished.

Vanquished Creatures (collateral kills)
  A merfolk aquamancer (D)
  2 death scarabs (D)
  2 two-headed ogres (D)
  A wolf spider (D)
  A vault sentinel (D)
  2 spiny frogs (D)
  A guardian mummy (D)
  A hornet (D)
  2 spriggans (D)
  A yak (D)
  A porcupine (D)
  An orc warrior (D)
  A necrophage (D)
  A wolf (D)
  A crocodile (D)
  A bullfrog (D)
  A wight (D)
  2 orc wizards (D)
  An adder zombie (D)
  An adder simulacrum (D)
  An orc (D)
  A ball python skeleton (D)
27 creatures vanquished.

Grand Total: 57 creatures vanquished

Notes
Turn   | Place    | Note
-------+----------+-------------------------------------------
     0 | D        | Found the +6 Majin-Bo {vamp, Archmagi MP+6 Int+6}
     0 | D        | Found the +7 great mace "Firestarter" {inner flame, rF++}
     0 | D        | galech the Demonspawn Fighter began the quest for the Orb.
     0 | D        | Reached XP level 1. HP: 18/18 MP: 1/1
     1 | D        | Found a blossoming altar of Fedhas.
     2 | D        | Found a deep blue altar of Sif Muna.
     2 | D        | Found a sacrificial altar of Ru.
     2 | D        | Found a bloodstained altar of Trog.
     2 | D        | Found a stormy altar of Qazlal.
     2 | D        | Found an iron altar of Okawaru.
     2 | D        | Found a sparkling altar of Nemelex Xobeh.
     4 | D        | Found a transporter.
     4 | D        | Found an ancient bone altar of Kikubaaqudgha.
     4 | D        | Found a viscous altar of Jiyva.
     4 | D        | Found a corrupted altar of Lugonu.
     4 | D        | Found a hazy altar of Hepliaklqana.
     4 | D        | Found a burning altar of Makhleb.
     4 | D        | Found an opulent altar of Gozag.
    21 | D        | Found the +9 heavy crossbow "Sniper" {velocity, Acc+∞ SInv}
    21 | D        | Found the +10 dark maul {crush}
    21 | D        | Found the +15 Maxwell's patent armour {-Cast -Tele rElec
                  | MR+ rCorr}
    21 | D        | Found the +18 shield of the Gong {rElec rN+ MR+ EV-5}
    21 | D        | Found the cursed +14 obsidian axe {chop, +Fly SInv *Curse}
    23 | D        | Found the +6 shillelagh "Devastator" {shatter}
    23 | D        | Found the +11 plutonium sword {*Contam Stlth-}
    23 | D        | Found the +8 lance "Wyrmbane" {slay drac, rPois rF+ rC+
                  | AC+3}
    23 | D        | Found the cursed +13 scythe of Curses {drain, *Curse}
    23 | D        | Found the +0 sword of Power
    23 | D        | Found the +7 mace of Variability {chain chaos}
    23 | D        | Found the +7 Singing Sword {slice, sonic wave}
    23 | D        | Found the +7 longbow "Piercer" {penet, EV-2}
    45 | D        | Reached skill level 3 in Axes
    45 | D        | Gained mutation: You have sharp fingernails. [demonic
                  | ancestry]
    45 | D        | Reached XP level 2. HP: 26/26 MP: 2/2
    52 | D        | Entered arena 2.
    52 | D        | Found a transporter.
    63 | D        | Entered arena 3.
    63 | D        | Noticed a floating eye
    63 | D        | Found a transporter.
    66 | D        | Killed a floating eye
    66 | D        | Reached skill level 4 in Axes
    66 | D        | Reached skill level 5 in Armour
    66 | D        | Reached skill level 5 in Shields
    66 | D        | Reached XP level 3. HP: 34/34 MP: 3/3
    66 | D        | Gained mutation: You are partially covered in slimy green
                  | scales. (AC +2) [demonic ancestry]
    66 | D        | Reached XP level 4. HP: 40/40 MP: 4/4
    67 | D        | Gained mutation: You sometimes gain a little power by
                  | taking damage. [demonic ancestry]
    67 | D        | Reached XP level 5. HP: 42/46 MP: 5/5
    89 | D        | Entered arena 4.
    89 | D        | Noticed a wolf spider
    89 | D        | Noticed an orc knight
    89 | D        | Noticed a vault sentinel
    89 | D        | Noticed a cyclops
    89 | D        | Found a transporter.
    94 | D        | Killed a cyclops
    94 | D        | Reached skill level 6 in Axes
    94 | D        | Reached XP level 6. HP: 43/57 MP: 6/6
    94 | D        | Reached XP level 7. HP: 48/63 MP: 7/7
    95 | D        | Killed a wolf spider
    95 | D        | Reached skill level 7 in Axes
    97 | D        | Killed an orc knight
    97 | D        | Reached skill level 8 in Axes
    97 | D        | Reached XP level 8. HP: 55/71 MP: 8/8
    99 | D        | Killed a vault sentinel
    99 | D        | Reached skill level 9 in Axes
   108 | D        | Got the ring of Satisfaction {rCorr rF+}
   110 | D        | Got the ring "Fotyteer" {rC+ MR+ Str+2 Int+3 Slay+2}
   172 | D        | Entered arena 5.
   172 | D        | Noticed a guardian mummy
   172 | D        | Found a transporter.
   177 | D        | Killed a guardian mummy
   177 | D        | Reached skill level 10 in Fighting
   185 | D        | Entered arena 6.
   185 | D        | Noticed a two-headed ogre
   185 | D        | Noticed a two-headed ogre
   185 | D        | Found a transporter.
   188 | D        | Killed a two-headed ogre
   188 | D        | Reached skill level 10 in Axes
   188 | D        | Reached skill level 10 in Shields
   188 | D        | Gained mutation: When hurt, damage is shared between your
                  | health and your magic reserves. [demonic ancestry]
   188 | D        | Reached XP level 9. HP: 79/79 MP: 9/9
   190 | D        | Killed a two-headed ogre
   191 | D        | Reached skill level 11 in Axes
   223 | D        | Entered arena 7.
   223 | D        | Noticed a guardian mummy
   223 | D        | Noticed a death scarab
   223 | D        | Noticed a death scarab
   224 | D        | Found a transporter.
   225 | D        | Killed a death scarab
   226 | D        | Killed a death scarab
   226 | D        | Reached skill level 1 in Stealth
   230 | D        | Killed a guardian mummy
   230 | D        | Reached skill level 12 in Axes
   236 | D        | Got the ring of the Zebra {Fire rN+}
   239 | D        | Entered arena 8.
   239 | D        | Noticed a spiny frog
   239 | D        | Noticed a spiny frog
   240 | D        | Found a transporter.
   242 | D        | Killed a spiny frog
   242 | D        | Gained mutation: You have very sharp fingernails. [demonic
                  | ancestry]
   242 | D        | Reached XP level 10. HP: 88/88 MP: 10/10
   247 | D        | Killed a spiny frog
   262 | D        | Entered arena 9.
   262 | D        | Noticed a spriggan rider
   263 | D        | Found a transporter.
   266 | D        | Reached skill level 13 in Axes
   270 | D        | Killed a spriggan rider
   286 | D        | Got the ring of Aphod {AC+1 Slay+5 Stlth+}
   334 | D        | Entered arena 10.
   335 | D        | Found a transporter.
   339 | D        | Reached skill level 10 in Armour
   346 | D        | Got the ring "Meud" {rElec rPois rF++ Dex-3 SInv}
   352 | D        | Entered arena 11.
   353 | D        | Found a transporter.
   383 | D        | Entered arena 12.
   383 | D        | Noticed a merfolk impaler
   383 | D        | Noticed a manticore
   383 | D        | Noticed a merfolk javelineer
   383 | D        | Noticed a merfolk aquamancer
   383 | D        | Noticed a merfolk aquamancer
   383 | D        | Noticed a merfolk aquamancer
   383 | D        | Noticed a sea snake
   383 | D        | Noticed a merfolk impaler
   384 | D        | Noticed a harpy
   385 | D        | Found a transporter.
   390 | D        | Killed a merfolk aquamancer
   390 | D        | Reached skill level 14 in Axes
   391 | D        | Killed a merfolk aquamancer
   392 | D        | HP: 3/89 [poisoned by a merfolk impaler]
   392 | D        | Slain by a merfolk impaler

Vault maps used:
D:        sprint_v

Skill      XL: |  1  2  3  4  5  6  7  8  9 10 |
---------------+-------------------------------+-----
Fighting       | 4 6 8 9 10 11 12 | 12.2
Axes           | 3 4 6 8 10 12 14 | 14.3
Armour         | 4 5 7 8 9 10 | 10.3
Dodging        | 2 |  2.7
Shields        | 4 5 6 8 9 10 11 12 | 12.0
Stealth        | 1 2 |  2.3

Action                   |  1- 3 |  4- 6 |  7- 9 | 10-12 || total
-------------------------+-------+-------+-------+-------++-------
Melee: Broad axe         |     4 |     5 |    16 |    24 ||    49
  Use: Potion            |     1 |       |       |       ||     1
 Stab: Distracted        |       |       |     1 |       ||     1
Armor: Plate armour      |       |     5 |     7 |    22 ||    34
Block: Shield            |     5 |    11 |    17 |    52 ||    85

Table legend:
 A = Non-vault XP
 B = Vault XP
 C = Vault XP percentage of total XP
 D = Non-vault monster count
 E = Vault monster count
 F = Vault count percentage of total count
                 A         B        C        D         E       F
            +---------+---------+-------+---------+---------+-------
      Total |     136 |    9861 |  98.6 |       1 |      56 |  98.2
            +---------+---------+-------+---------+---------+-------
          D |     136 |    9861 |  98.6 |       1 |      56 |  98.2
            +---------+---------+-------+---------+---------+-------
